 Dungeon Crawl Stone Soup version 0.25.0-11-g1f837a76a1 (webtiles) character file.

Game seed: 17254716545795771689

456 Delamore the Cudgeler (level 7, -10/41 HPs)
             Began as a Gargoyle Fighter on June 26, 2020.
             Mangled by an ogre
             ... wielding a +0 giant spiked club
              (23 damage)
             ... on level 4 of the Dungeon.
             The game lasted 00:03:28 (3147 turns).

Delamore the Cudgeler (Gargoyle Fighter)            Turns: 3147, Time: 00:03:28

Health: -10/41     AC: 13    Str: 22    XL:     7   Next: 6%
Magic:  7/7        EV:  7    Int:  8    God:
Gold:   109        SH:  9    Dex:  9    Spells: 6/6 levels left

rFire    . . .     SeeInvis .   i - +1 whip (elec)
rCold    . . .     Gourm    .   c - +0 kite shield
rNeg     + . .     Faith    .   b - +0 scale mail
rPois    ∞         Spirit   .   k - +0 helmet
rElec    +         Reflect  .   (no cloak)
rCorr    .         Harm     .   u - +0 pair of gloves
MR       .....                  (no boots)
Stlth    ..........             (no amulet)
HPRegen  0.13/turn              (no ring)
MPRegen  0.10/turn              (no ring)

@: no status effects
A: negative energy resistance 1, electricity resistance, unbreathing,
petrification resistance, rot immunity, AC +4
a: no special abilities


You were on level 4 of the Dungeon.
You were hungry.

You visited 1 branch of the dungeon, and saw 4 of its levels.
You also visited: Sewer.

You collected 109 gold pieces.

Inventory:

Hand Weapons
 a - a +0 flail
 i - a +1 whip of electrocution (weapon)
Armour
 b - a +0 scale mail (worn)
 c - a +0 kite shield (worn)
 k - a +0 helmet (worn)
 u - a +0 pair of gloves (worn)
Wands
 n - a wand of paralysis (5)
 t - a wand of flame (6)
Scrolls
 e - a scroll of teleportation
 g - a scroll of fog
 l - a scroll of amnesia
 r - a scroll of fear
 v - 3 scrolls of noise {unknown}
Potions
 d - a potion of might
 h - a potion of ambrosia {unknown}
 m - a potion of curing {unknown}
 o - a potion of heal wounds {unknown}
 p - a potion of invisibility {unknown}
 q - a potion of degeneration {unknown}
 s - a potion of stabbing {unknown}
Comestibles
 f - 7 rations
 j - 12 chunks of flesh


   Skills:
 - Level 3.2 Fighting
 + Level 7.4 Maces & Flails
 - Level 3.2 Armour
 - Level 3.2 Shields


You had 6 spell levels left.
You didn't know any spells.
Your spell library was empty.

Dungeon Overview and Level Annotations

Branches:
Dungeon (4/15)              Sewer (visited)
 Temple: D:4-7

Altars:
Ashenzari
Ru


Innate Abilities, Weirdness & Mutations

You are resistant to torment.
Your stone body is resilient. (AC +4)
You are immune to poison.
You resist negative energy. (rN+)
You are resistant to electric shocks. (rElec)
You can survive without breathing.
You are immune to petrification.
You are immune to rotting.


Message History

You hit the ogre but do no damage.
The ogre is moderately wounded.
The ogre barely misses you.
You hit the ogre.
The ogre is moderately wounded.
You hit the ogre.
The ogre is moderately wounded.
The ogre hits you with a +0 giant spiked club!!
You are too injured to fight recklessly!
You are too injured to fight recklessly!
You are too injured to fight recklessly!
You hit the ogre.
The ogre is heavily wounded.
The ogre completely misses you.
Items here: )) [[ ÷ a +0 club; a +0 leather armour; a +0 dagger; a cursed +0 robe; an orc skeleton
Items here: ))) [[ ÷÷÷ The ogre hits you with a +0 giant spiked club!!
Ouch! That really hurt!
You die...

#.....#..#
#..#..#..# #.
#..#..#..#
#.##........####
#.###.#..##.....
####.###.#..##.####
..#.##..#..##.#
#.#.##..#..##.#
##@#.##..#..##.#
#..O........##.#
#..#.##<.#.###.#
#..)).......##.
#.#####.##..# #.
#.# ..# .. #.# .#
#.. #.# .# #.. .#


You could see an ogre.

Vanquished Creatures
  A crocodile (Sewer)
  An orc priest (D:4)
  2 orc wizards (D:4)
  Natasha (thrice) (D:2)
  A worker ant (D:4)
  Robin (D:2)
  A gnoll (D:1)
  A river rat (D:3)
  5 adders
  2 worms (D:3)
  2 dart slugs (D:1)
  4 leopard geckos
  14 orcs
  3 ball pythons
  3 giant cockroaches
  19 goblins
  13 hobgoblins
  2 jackals (Sewer)
  12 kobolds
  2 quokkas (D:3)
  5 bats
  3 frilled lizards
  4 rats
104 creatures vanquished.

Notes
Turn   | Place    | Note
-------+----------+-------------------------------------------
     0 | D:1      | Delamore the Gargoyle Fighter began the quest for the Orb.
     0 | D:1      | Reached XP level 1. HP: 14/14 MP: 1/1
   117 | D:1      | Reached XP level 2. HP: 19/19 MP: 2/2
   156 | D:1      | Reached skill level 3 in Maces & Flails
   183 | D:1      | Reached XP level 3. HP: 23/23 MP: 3/3
   894 | D:2      | Reached skill level 4 in Maces & Flails
  1033 | D:2      | Noticed Natasha
  1036 | D:2      | Killed Natasha
  1036 | D:2      | Reached XP level 4. HP: 28/28 MP: 4/4
  1147 | D:2      | Noticed Natasha
  1154 | D:2      | Killed Natasha
  1233 | D:2      | Reached skill level 5 in Maces & Flails
  1233 | D:2      | Reached XP level 5. HP: 32/32 MP: 5/5
  1266 | D:2      | Noticed Robin
  1604 | D:2      | Killed Robin
  2009 | D:2      | Noticed Natasha
  2017 | D:2      | Killed Natasha
  2307 | D:3      | Reached skill level 6 in Maces & Flails
  2311 | D:3      | Reached XP level 6. HP: 26/37 MP: 6/6
  2434 | D:3      | Found a glowing drain.
  2452 | Sewer    | Entered a sewer
  2853 | D:3      | Found a sacrificial altar of Ru.
  3073 | D:4      | Found a shattered altar of Ashenzari.
  3100 | D:4      | Reached skill level 7 in Maces & Flails
  3109 | D:4      | Reached XP level 7. HP: 27/41 MP: 7/7
  3147 | D:4      | Mangled by an ogre

Illustrated notes

Levels and vault maps discovered:
D:1:      matt_arrival_spirals, layout_basic
D:2:      layout_loops_corners, minmay_hedge_maze, uniq_natasha, uniq_robin
D:3:      layout_basic, nicolae_ru_path_of_blood, portal_sewer_entry_b,
          grunt_ministairs_8
D:4:      layout_loops_ring, nicolae_overflow_crystal_walls, ashenzari_altar_1

Skill      XL: |  1  2  3  4  5  6 |
---------------+-------------------+-----
Maces & Flails | 3 4 5 6 7 |  7.4
Fighting       | |  3.2
Armour         | |  3.2
Shields        | |  3.2

Action                   |  1- 3 |  4- 6 |  7- 9 || total
-------------------------+-------+-------+-------++-------
Melee: Flail             |    28 |       |       ||    28
       Whip              |    59 |   242 |    10 ||   311
  Use: Scroll            |       |     4 |       ||     4
  Eat: Chunk             |       |     7 |       ||     7
Armor: Scale mail        |    41 |   124 |     1 ||   166
Dodge: Dodged            |    26 |    63 |     3 ||    92
Block: Kite shield       |    47 |   106 |     3 ||   156
